[Event "Titled Tuesday Blitz July 27 2021"]
[White "Ozates, Tuna"]
[Black "Do Valle Cardoso, Lucas"]
[WhiteFideId "6354521"]
[BlackFideId "2163144"]
[WhiteElo "1872"]
[BlackElo "2387"]
[Result "1-0"]
[Round "06"]
[TimeControl "180+1"]
[Date "2021.07.27"]
[WhiteClock "0:00:22"]
[BlackClock "0:00:05"]

1. d4 d5 2. c4 dxc4 3. Nc3 Nf6 4. e3 e5 5. Bxc4 exd4 6. exd4 Bd6 7. Nf3 O-O 8. h3 h6 9. O-O Nc6 10. a3 a6 11. Re1 Bf5 12. Be3 Re8 13. Qb3 Qd7 14. Qa2 Na5 15. Bf1 Be6 16. Qb1 Nb3 17. Ra2 Nd5 18. Ne4 Bf8 19. Bd3 f5 20. Nc3 f4 21. Ne5 Qd8 22. Bh7+ Kh8 23. Bc1 Nxc1 24. Ng6+ Kxh7 25. Nxf8+ Kg8 26. Nxe6 Rxe6 27. Rxe6 Nxa2 28. Qxa2 c6 29. Re5 Kh8 30. Nxd5 cxd5 31. Qxd5 Qb6 32. b4 Rd8 33. Qe4 Qc6 34. d5 Qc1+ 35. Kh2 Qd2 36. f3 Rc8 37. Re8+ Rxe8 38. Qxe8+ Kh7 39. Qe4+ Kg8 40. Qe6+ Kh8 41. d6 Qf2 42. Qe8+ Kh7 43. Qe4+ Kg8 44. Qxf4 Qb6 45. d7 Qd8 46. Qf5 Qc7+ 47. f4 Qd8 48. Qe6+ Kf8 49. Qd5 Ke7 50. Kg3 Qxd7 51. Qxd7+ Kxd7 52. f5 Ke7 53. Kf4 Kf6 54. g4 g6 55. fxg6 Kxg6 56. h4 Kf6 57. g5+ hxg5+ 58. hxg5+ Kg6 59. Kg4 b6 60. Kf4 a5 61. b5 Kg7 62. Kf5 Kf7 63. g6+ Kg7 64. Kg5 Kg8 65. Kf6 Kf8 66. Ke6 Kg7 67. Kd6 Kxg6 68. Kc6 1-0


[Site "https://www.chess.com"]

[Event "Titled Tuesday Blitz July 27 2021"]
[White "Pacheco Lugo, Alejandro Jose"]
[Black "Goncalves, Ivan Mesquita V"]
[WhiteFideId "3903745"]
[BlackFideId "2114224"]
[WhiteElo "2125"]
[BlackElo "2299"]
[Result "0-1"]
[Round "06"]
[TimeControl "180+1"]
[Date "2021.07.27"]
[WhiteClock "0:00:04"]
[BlackClock "0:00:09"]

1. e4 c5 2. Nf3 e6 3. d4 cxd4 4. Nxd4 Nc6 5. Nc3 Qc7 6. g3 a6 7. Bg2 d6 8. Nxc6 bxc6 9. O-O Bd7 10. e5 d5 11. Re1 Bc5 12. Na4 Ba7 13. c4 Ne7 14. b3 O-O 15. Ba3 Rfe8 16. Bd6 Qb7 17. Rc1 Nf5 18. Nc5 Bxc5 19. Bxc5 a5 20. Qd3 a4 21. b4 Qa6 22. Red1 Rad8 23. Bf1 Rb8 24. a3 h5 25. h4 g6 26. Qf3 Qb7 27. Qf4 Kg7 28. Qg5 Bc8 29. Bd3 Nh6 30. Qf6+ Kh7 31. Bd6 Ra8 32. Qg5 Kg7 33. Be2 Kh7 34. b5 dxc4 35. bxc6 Qxc6 36. Rxc4 Qb6 37. Rc7 Ra7 38. Rdc1 Rxc7 39. Rxc7 Qb1+ 40. Kg2 Bb7+ 41. Bf3 Bxf3+ 42. Kxf3 Qh1+ 43. Ke2 Rb8 44. Bb4 Qe4+ 45. Qe3 Qg4+ 46. Qf3 Kg8 47. Qxg4 Nxg4 48. f4 Nh6 49. Ra7 Nf5 50. Kf3 Rd8 51. Rxa4 Rd3+ 52. Kf2 Nxg3 53. Be7 Ne4+ 54. Ke2 Rd7 55. Ra8+ Kh7 56. Bd8 Nc3+ 57. Ke3 Nd5+ 58. Kf3 Rb7 59. a4 Rb3+ 60. Ke2 Nxf4+ 61. Kd2 Nd5 62. a5 Ra3 63. Kc2 Ra4 64. Kb3 Ra1 65. Kb2 Ra4 66. Kb3 Rxh4 67. a6 Rh3+ 68. Kb2 Rh2+ 69. Kb3 Rh3+ 70. Ka4 Rh1 71. Kb5 Ra1 72. a7 g5 73. Kc6 g4 74. Bf6 Nxf6 75. exf6 g3 76. Kd7 g2 77. Ke7 g1=Q 78. Kxf7 Qg6+ 79. Kxe6 Qg4+ 0-1


[Site "https://www.chess.com"]

[Event "Titled Tuesday Blitz July 27 2021"]
[White "Paravyan, David"]
[Black "Zhigalko, Sergei"]
[WhiteFideId "4194985"]
[BlackFideId "13502956"]
[WhiteElo "2562"]
[BlackElo "2662"]
[Result "0-1"]
[Round "06"]
[TimeControl "180+1"]
[Date "2021.07.27"]
[WhiteClock "0:00:01"]
[BlackClock "0:00:05"]

1. e4 c5 2. Nf3 Nc6 3. Nc3 Nf6 4. d4 cxd4 5. Nxd4 e5 6. Ndb5 d6 7. Bg5 a6 8. Na3 b5 9. Bxf6 gxf6 10. Nd5 Bg7 11. g3 f5 12. Bg2 fxe4 13. c3 O-O 14. Bxe4 f5 15. Bg2 Be6 16. O-O Rb8 17. Nc2 a5 18. Nf4 exf4 19. Bxc6 fxg3 20. hxg3 f4 21. Bd5 Qd7 22. Qg4 Kh8 23. Bxe6 Qa7 24. Kg2 Be5 25. Rh1 fxg3 26. Nd4 Rxf2+ 27. Kg1 Rbf8 28. Bd5 R2f4 29. Qg6 Bxd4+ 30. Kg2 Rf2+ 31. Kh3 hxg6 0-1


[Site "https://www.chess.com"]

[Event "Titled Tuesday Blitz July 27 2021"]
[White "Parkhov, Yair"]
[Black "Siva Mahadevan"]
[WhiteFideId "2813408"]
[BlackFideId "25043153"]
[WhiteElo "2131"]
[BlackElo "2203"]
[Result "0-1"]
[Round "06"]
[TimeControl "180+1"]
[Date "2021.07.27"]
[WhiteClock "0:00:15"]
[BlackClock "0:01:35"]

1. d4 Nf6 2. c4 e6 3. Nc3 c5 4. d5 exd5 5. cxd5 d6 6. Bf4 g6 7. e3 a6 8. a4 Bg7 9. h3 O-O 10. Nf3 Qe7 11. Be2 Nbd7 12. O-O Rb8 13. Qc2 Ne8 14. Qe4 Ne5 15. Nxe5 dxe5 16. Bh2 Nd6 17. Qc2 f5 18. a5 f4 19. exf4 exf4 20. Bf3 Qh4 21. Rfe1 Bf5 22. Qb3 Bd4 23. Re2 Rbe8 24. Rf1 Bd3 25. Rxe8 Rxe8 26. Qd1 Bxf1 27. Qxf1 Qxf2+ 0-1


[Site "https://www.chess.com"]

[Event "Titled Tuesday Blitz July 27 2021"]
[White "Perez Ponsa, Federico"]
[Black "Salinas Herrera, Pablo"]
[WhiteFideId "117927"]
[BlackFideId "3407128"]
[WhiteElo "2672"]
[BlackElo "2541"]
[Result "1-0"]
[Round "06"]
[TimeControl "180+1"]
[Date "2021.07.27"]
[WhiteClock "0:00:05"]
[BlackClock "0:00:01"]

1. d4 d5 2. c4 e6 3. Nc3 Nf6 4. cxd5 exd5 5. Bg5 c6 6. e3 h6 7. Bh4 Bd6 8. Bd3 O-O 9. Nf3 Be6 10. O-O Nbd7 11. Rb1 a5 12. a3 Re8 13. Qc2 Qb8 14. Rfc1 Bg4 15. Be2 Ne4 16. h3 Bf5 17. Bd3 g5 18. Bg3 Bxg3 19. fxg3 Qxg3 20. Ne2 Qf2+ 21. Kh2 Qxe3 22. Rf1 Bg6 23. Rbe1 Re6 24. g3 Nf2 25. Bxg6 Qxf3 26. Bf5 Rae8 27. Bxe6 Rxe6 28. Nc3 Rxe1 29. Rxe1 Nf6 30. Qe2 Qxe2 31. Rxe2 N2e4 32. Nd1 Kg7 33. Ne3 Kg6 34. Kg2 h5 35. Re1 Ne8 36. Nc4 dxc4 37. Rxe4 Nd6 38. Re7 Kf6 39. Re5 Nb5 40. Rc5 Nxd4 41. Rxc4 Ne6 42. Kf3 Ke5 43. Ke3 Kd5 44. Rc1 f5 45. Rd1+ Ke5 46. Rd7 b6 47. Rh7 f4+ 48. gxf4+ Nxf4 49. Kf3 c5 50. Kg3 b5 51. Rb7 b4 52. Rb5 Kd4 53. Rxa5 Ne2+ 54. Kf2 Nc1 55. axb4 cxb4 56. Rxg5 Nd3+ 57. Ke2 Nxb2 58. Rxh5 Nc4 59. Rh8 b3 60. Rb8 b2 61. h4 Ke5 62. h5 Kf6 63. Kd3 Ne5+ 64. Kc3 Ng4 65. Rb5 Ne3 66. Kxb2 Kg7 67. Kc3 Kh6 68. Kd3 Ng4 69. Ke4 Nf6+ 70. Kf5 Nxh5 71. Rb1 Ng7+ 72. Kf6 Nh5+ 73. Kf7 Kg5 74. Rb5+ Kg4 75. Kg6 Nf4+ 76. Kf6 Nh5+ 77. Ke5 Kg5 78. Rb1 Nf6 79. Rg1+ Ng4+ 80. Ke4 Kh5 81. Kf4 Nh6 82. Rg5+ Kh4 83. Ra5 Nf7 84. Ra6 Kh5 85. Rf6 Nh6 86. Re6 Ng4 87. Re1 Nh6 88. Rg1 Nf7 89. Kf5 Nh6+ 90. Kf6 Ng4+ 91. Kf5 Nh6+ 92. Ke4 Ng4 93. Rg2 Nh6 94. Kf4 Nf7 95. Rg3 Nh6 96. Rg5+ Kh4 97. Rb5 Ng4 98. Rb4 Nf6 99. Ra4 Kh5 100. Kf5 Ng8 101. Ra1 Nh6+ 102. Kf4 Kg6 103. Ra6+ Kh5 104. Rc6 Ng4 105. Rc5+ Kh4 106. Rc1 Kh3 107. Rc8 Nf2 108. Kf3 Nd3 109. Rh8# 1-0


[Site "https://www.chess.com"]

[Event "Titled Tuesday Blitz July 27 2021"]
[White "Petrovskyi, Vadym"]
[Black "Obolentseva, Alexandra"]
[WhiteFideId "14165210"]
[BlackFideId "24153648"]
[WhiteElo "2305"]
[BlackElo "2113"]
[Result "1-0"]
[Round "06"]
[TimeControl "180+1"]
[Date "2021.07.27"]
[WhiteClock "0:01:53"]
[BlackClock "0:01:16"]

1. e4 c5 2. Nf3 d6 3. d4 cxd4 4. Nxd4 Nf6 5. Nc3 a6 6. Bg5 e6 7. f4 Nc6 8. Nxc6 bxc6 9. Qf3 Qb6 10. O-O-O Rb8 11. b3 d5 12. Bxf6 gxf6 13. exd5 cxd5 14. f5 Be7 15. fxe6 fxe6 16. Qh5+ Kd8 17. Bc4 Qe3+ 18. Kb2 Ba3+ 19. Kxa3 Qxc3 20. Bxd5 exd5 21. Qxd5+ Kc7 22. Rhe1 Kb6 23. Re7 Qa5+ 24. Qxa5+ Kxa5 25. Rd6 Bg4 26. Rxf6 Rhc8 27. Re5+ Rb5 28. b4# 1-0


[Site "https://www.chess.com"]

[Event "Titled Tuesday Blitz July 27 2021"]
[White "Piesik, Piotr"]
[Black "Baches Garcia, Guillermo"]
[WhiteFideId "1136194"]
[BlackFideId "2209764"]
[WhiteElo "2354"]
[BlackElo "2433"]
[Result "1-0"]
[Round "06"]
[TimeControl "180+1"]
[Date "2021.07.27"]
[WhiteClock "0:01:44"]
[BlackClock "0:00:03"]

1. Nf3 d5 2. g3 g6 3. Bg2 Bg7 4. O-O e5 5. d3 Nc6 6. Nbd2 Nge7 7. e4 O-O 8. c3 a5 9. Qc2 h6 10. b3 Be6 11. Bb2 g5 12. a3 Ng6 13. b4 g4 14. Ne1 f5 15. exd5 Bxd5 16. Bxd5+ Qxd5 17. Nc4 axb4 18. axb4 Rxa1 19. Bxa1 e4 20. Ne3 Qe6 21. dxe4 fxe4 22. N1g2 Nce5 23. Rd1 Nf3+ 24. Kh1 h5 25. c4 Bxa1 26. Rxa1 h4 27. Qd1 hxg3 28. hxg3 Kf7 29. Qd5 Rh8+ 30. Nh4 Ngxh4 31. gxh4 Rxh4+ 32. Kg2 Rh2+ 33. Kg3 Qxd5 34. cxd5 Rh8 35. Ra7 Ne5 36. Rxb7 Kg6 37. Nxg4 1-0


[Site "https://www.chess.com"]

[Event "Titled Tuesday Blitz July 27 2021"]
[White "Potapova, Margarita"]
[Black "Moroni, Luca Jr"]
[WhiteFideId "14126869"]
[BlackFideId "865834"]
[WhiteElo "2229"]
[BlackElo "2491"]
[Result "0-1"]
[Round "06"]
[TimeControl "180+1"]
[Date "2021.07.27"]
[WhiteClock "0:00:04"]
[BlackClock "0:00:38"]

1. d4 g6 2. e4 Bg7 3. Nc3 d6 4. Be3 Nf6 5. Qd2 O-O 6. f3 e5 7. Nge2 exd4 8. Nxd4 d5 9. e5 Ne8 10. f4 c5 11. Nb3 d4 12. Nxc5 Nc6 13. O-O-O Bg4 14. Be2 Bxe2 15. Qxe2 Qe7 16. Rxd4 Qxc5 17. Rd8 Qxe3+ 18. Qxe3 Rxd8 19. h4 Nc7 20. h5 Nd5 21. Nxd5 Rxd5 22. hxg6 hxg6 23. Qh3 Rfd8 24. e6 Nd4 25. Qh7+ Kf8 26. e7+ Kxe7 27. Re1+ Kf8 28. c3 Rh5 29. Qxh5 gxh5 0-1


[Site "https://www.chess.com"]

[Event "Titled Tuesday Blitz July 27 2021"]
[White "Pourkashiyan, Atousa"]
[Black "Dang, Hoang Son"]
[WhiteFideId "12502014"]
[BlackFideId "12402435"]
[WhiteElo "2285"]
[BlackElo "2248"]
[Result "1-0"]
[Round "06"]
[TimeControl "180+1"]
[Date "2021.07.27"]
[WhiteClock "0:00:12"]
[BlackClock "0:00:10"]

1. e4 g6 2. d4 Bg7 3. Nc3 a6 4. Nf3 d6 5. a4 Nf6 6. Be2 O-O 7. O-O Nc6 8. d5 Ne5 9. h3 e6 10. dxe6 Bxe6 11. Nd4 Bd7 12. Be3 Re8 13. Qd2 c5 14. Nf3 Nxf3+ 15. Bxf3 Bc6 16. Rfe1 Qa5 17. Bh6 Bxh6 18. Qxh6 Qb4 19. Qg5 Kg7 20. Rad1 Qxb2 21. Re3 Re6 22. Red3 Rd8 23. Ne2 Bxe4 24. Bxe4 Rxe4 25. Ng3 Re5 26. Qf4 Qxc2 27. Rxd6 Qxd1+ 28. Rxd1 Rxd1+ 29. Kh2 Ree1 30. Qc4 h5 31. a5 Rc1 32. Qf4 Nd5 33. Qg5 Nc3 34. Nf5+ Kg8 35. Qd8+ Kh7 36. Qf8 Rh1+ 37. Kg3 Ne4+ 38. Kf4 gxf5 39. Qxf7+ Kh6 40. Qf8+ Kg6 41. Qxf5+ Kg7 42. Qd7+ Kf6 43. Qd8+ Ke6 44. Qe8+ Kd6 45. Qxe4 Rhe1 46. Qxb7 Rc4+ 47. Kg3 Rc3+ 48. f3 Rcc1 49. Qxa6+ Kd5 50. Qa8+ Kc4 51. a6 Ra1 52. a7 Kd3 53. Qd8+ Kc2 54. a8=Q Rxa8 55. Qxa8 c4 56. Qa2+ Kd3 57. f4 c3 58. Qd5+ Kc2 59. f5 Rd1 60. Qc5 Kb2 61. Qb4+ Kc2 62. f6 Rd3+ 63. Kf4 Kd1 64. f7 c2 65. Qa4 Rd8 66. Kg5 Rc8 67. Kg6 Ke1 68. Qxc2 Rxc2 69. f8=Q Rxg2+ 70. Kxh5 Ke2 71. Qf6 Ke3 72. h4 Rf2 73. Qe6+ Kf3 74. Qf6+ Kg3 75. Qxf2+ Kxf2 76. Kg5 Kf3 77. h5 Ke4 78. h6 Ke5 79. h7 Ke6 80. h8=Q 1-0


[Site "https://www.chess.com"]

[Event "Titled Tuesday Blitz July 27 2021"]
[White "Preotu, Razvan"]
[Black "Bok, Benjamin"]
[WhiteFideId "2613280"]
[BlackFideId "1017063"]
[WhiteElo "2407"]
[BlackElo "2658"]
[Result "1-0"]
[Round "06"]
[TimeControl "180+1"]
[Date "2021.07.27"]
[WhiteClock "0:00:08"]
[BlackClock "0:00:03"]

1. e4 c5 2. Nf3 d6 3. Bb5+ Nd7 4. a4 Nf6 5. Nc3 a6 6. Be2 b6 7. d4 cxd4 8. Qxd4 Bb7 9. O-O e6 10. Rd1 Qc7 11. Be3 Ng4 12. Bg5 h6 13. Bh4 Rc8 14. Nd2 Nge5 15. Qe3 Qc5 16. Qxc5 Nxc5 17. f3 g5 18. Bf2 Bg7 19. Nb3 Ke7 20. Nd4 Rhd8 21. Ra3 Ng6 22. Be3 Bf6 23. Kf2 h5 24. h3 h4 25. Rd2 Nf4 26. Bf1 Be5 27. b4 Nd7 28. Nce2 f6 29. c4 Rc7 30. Kg1 Rdc8 31. Nxf4 Bxf4 32. Bxf4 gxf4 33. a5 bxa5 34. Rxa5 Ne5 35. b5 Nxc4 36. Bxc4 Rxc4 37. bxa6 Ba8 38. Rh5 Kf7 39. Rxh4 Ra4 40. Rh7+ Kg6 41. Ra7 Rc1+ 42. Kf2 Bc6 43. Nxe6 1-0


[Site "https://www.chess.com"]

[Event "Titled Tuesday Blitz July 27 2021"]
[White "Priasmoro, Novendra"]
[Black "Jeet, Jain"]
[WhiteFideId "7105029"]
[BlackFideId "5073022"]
[WhiteElo "2309"]
[BlackElo "2085"]
[Result "1-0"]
[Round "06"]
[TimeControl "180+1"]
[Date "2021.07.27"]
[WhiteClock "0:00:52"]
[BlackClock "0:00:11"]

1. e4 e5 2. Nf3 Nc6 3. Bb5 a6 4. Ba4 Nf6 5. O-O Be7 6. Re1 b5 7. Bb3 d6 8. c3 O-O 9. h3 Na5 10. Bc2 c5 11. d4 Qc7 12. Nbd2 Bd7 13. Nf1 Nc4 14. b3 Nb6 15. d5 c4 16. Bd2 Rfc8 17. Ne3 a5 18. Nh4 g6 19. Qf3 cxb3 20. axb3 a4 21. g4 axb3 22. Bxb3 Nc4 23. Bxc4 bxc4 24. g5 Nh5 25. Nef5 Bf8 26. Ng2 Rxa1 27. Rxa1 Rb8 28. Be3 Rb2 29. Ra8 Rb8 30. Ra7 Rb7 31. Ra6 Rb1+ 32. Kh2 Bxf5 33. exf5 Ng7 34. Nh4 Qc8 35. Rc6 Qd7 36. f6 Nh5 37. Qg4 Qb7 38. Qc8 h6 39. Qe8 Qb8 40. Rc8 Qxc8 41. Qxc8 hxg5 42. Bxg5 1-0


[Site "https://www.chess.com"]

[Event "Titled Tuesday Blitz July 27 2021"]
[White "Pridorozhni, Aleksei"]
[Black "Andreikin, Dmitry"]
[WhiteFideId "4127870"]
[BlackFideId "4158814"]
[WhiteElo "2565"]
[BlackElo "2782"]
[Result "0-1"]
[Round "06"]
[TimeControl "180+1"]
[Date "2021.07.27"]
[WhiteClock "0:01:24"]
[BlackClock "0:01:43"]

1. e4 e6 2. d4 d5 3. Nd2 dxe4 4. Nxe4 Nd7 5. Nf3 Ngf6 6. Bg5 h6 7. Nxf6+ Nxf6 8. Be3 Bd6 9. Bd3 O-O 10. Qe2 b6 11. O-O-O Bb7 12. Ne5 c5 13. Kb1 Qc7 14. f4 Rfd8 15. Rhe1 Rac8 16. dxc5 bxc5 17. g3 Bxe5 18. fxe5 Qxe5 19. Qf1 Qh5 20. Qg1 Bf3 21. Rc1 c4 22. Bf1 Ne4 23. Bg2 c3 24. b3 Qa5 25. a4 Bxg2 26. Qxg2 Nd2+ 27. Ka2 Rc4 28. Ka3 Qb4+ 29. Ka2 Qxa4+ 0-1


[Site "https://www.chess.com"]

[Event "Titled Tuesday Blitz July 27 2021"]
[White "Pruijssers, Roeland"]
[Black "Mickiewicz, Piotr"]
[WhiteFideId "1013068"]
[BlackFideId "1114891"]
[WhiteElo "2545"]
[BlackElo "2263"]
[Result "0-1"]
[Round "06"]
[TimeControl "180+1"]
[Date "2021.07.27"]
[WhiteClock "0:00:08"]
[BlackClock "0:00:53"]

1. c4 Nf6 2. Nc3 g6 3. g3 Bg7 4. Bg2 O-O 5. e4 d6 6. Nge2 c5 7. O-O Nc6 8. d3 Ne8 9. f4 Nc7 10. f5 Rb8 11. g4 e6 12. Ng3 Nd4 13. Be3 b5 14. Qd2 bxc4 15. dxc4 Qh4 16. g5 Be5 17. f6 Bb7 18. b3 d5 19. cxd5 exd5 20. exd5 Rfd8 21. Rae1 Nxd5 22. Nxd5 Bxd5 23. Bxd5 Rxd5 24. Qg2 Rbd8 25. Ne4 Bxh2+ 26. Qxh2 Qxe4 27. Qh6 Qg4+ 28. Kh2 Ne6 29. Bf4 Rd2+ 0-1


[Site "https://www.chess.com"]

[Event "Titled Tuesday Blitz July 27 2021"]
[White "Quintiliano Pinto, Renato R."]
[Black "Poormosavi, Seyed Kian"]
[WhiteFideId "2117568"]
[BlackFideId "12585807"]
[WhiteElo "2439"]
[BlackElo "2134"]
[Result "0-1"]
[Round "06"]
[TimeControl "180+1"]
[Date "2021.07.27"]
[WhiteClock "0:00:02"]
[BlackClock "0:00:18"]

1. Nf3 Nf6 2. c4 c5 3. Nc3 g6 4. g3 Bg7 5. Bg2 O-O 6. O-O Nc6 7. d4 cxd4 8. Nxd4 d6 9. e3 Bg4 10. Qd2 Qc8 11. b3 Bh3 12. Bb2 Bxg2 13. Kxg2 Rd8 14. Rac1 Qg4 15. h3 Qh5 16. Nde2 a6 17. Nf4 Qa5 18. a3 b5 19. b4 Qb6 20. Ncd5 Nxd5 21. Nxd5 Qb7 22. Bxg7 Kxg7 23. e4 Ne5 24. cxb5 e6 25. f4 exd5 26. fxe5 dxe4 27. Qf4 dxe5 28. Qxe5+ Kg8 29. Rc7 Qxb5 30. Qxb5 axb5 31. Rfxf7 Rd2+ 32. Kf1 Rxa3 33. Rg7+ Kf8 0-1


[Site "https://www.chess.com"]

[Event "Titled Tuesday Blitz July 27 2021"]
[White "Rangel, Daniel"]
[Black "Willow, Jonah B"]
[WhiteFideId "2124475"]
[BlackFideId "438804"]
[WhiteElo "2187"]
[BlackElo "2261"]
[Result "0-1"]
[Round "06"]
[TimeControl "180+1"]
[Date "2021.07.27"]
[WhiteClock "0:00:12"]
[BlackClock "0:00:14"]

1. c4 c5 2. g3 g6 3. Bg2 Bg7 4. Nc3 Nc6 5. e4 e6 6. Nge2 Nge7 7. O-O O-O 8. d3 d6 9. Be3 Nd4 10. a3 Nec6 11. Rb1 Qa5 12. Bd2 a6 13. Nxd4 cxd4 14. Ne2 Qd8 15. b4 b5 16. e5 Bb7 17. Nxd4 d5 18. Nxc6 Bxc6 19. Bf4 g5 20. Be3 Bxe5 21. Bc5 Re8 22. Re1 Bf6 23. Qh5 Qd7 24. cxd5 Bxd5 25. Bxd5 Qxd5 26. d4 Qf5 27. Rbd1 Red8 28. Kg2 Rd5 29. Qf3 Qg6 30. Qe4 Rad8 31. Qxg6+ hxg6 32. Re2 e5 33. Rc2 exd4 34. Rcd2 d3 35. Be3 Bc3 36. Ra2 d2 37. Kf3 Kh7 38. Ke2 Re8 39. Rc2 Rc8 40. Bxd2 Re8+ 41. Be3 Rxd1 42. Kxd1 Rd8+ 43. Ke2 Bf6 44. Rc6 Bb2 45. Rxa6 Rc8 46. Bxg5 Rc2+ 47. Kf3 Rc3+ 48. Be3 Bxa3 49. Ra5 Bxb4 50. Rxb5 Be7 51. Rd5 Bf6 52. h4 Kg7 53. h5 gxh5 54. Rxh5 Rb3 55. Rd5 Kg6 56. Kg2 Be7 57. Ra5 Rb2 58. Ra6+ f6 59. Rb6 Rc2 60. Rb7 Bd6 61. Rb6 Be5 62. Ra6 Re2 63. Rc6 Ra2 64. Rc5 Kf7 65. Rb5 Ke6 66. Rb6+ Kf7 67. Rb3 Ke7 68. Rd3 Ke6 69. Kf3 Kf7 70. Rb3 Ra4 71. Rb6 Kg6 72. Kg2 Ra2 73. g4 Kf7 74. Kf3 Ba1 75. Ke4 Ra4+ 76. Kf5 Ra5+ 77. Ke4 Re5+ 78. Kf3 Ra5 79. Rb7+ Kg6 80. Rb1 Be5 81. Rg1 Ra4 82. g5 f5 83. Rh1 f4 84. Bd2 Kxg5 85. Rg1+ Kf5 86. Re1 Ra3+ 87. Ke2 Bd4 88. Rb1 f3+ 89. Kf1 Ke4 90. Re1+ Kd3 91. Be3 Bc3 92. Rd1+ Ke4 93. Kg1 Ra8 94. Kh2 Rg8 95. Kh3 Be5 96. Rd7 Rh8+ 97. Kg4 Rg8+ 98. Kh3 Rg2 99. Ra7 Kd3 100. Ra3+ Ke4 101. Ra4+ Kf5 102. Ra5 Rh2# 0-1


[Site "https://www.chess.com"]

[Event "Titled Tuesday Blitz July 27 2021"]
[White "Reprintsev, Alexander"]
[Black "Rodriguez Hernandez, Luis Daniel"]
[WhiteFideId "14100541"]
[BlackFideId "3506770"]
[WhiteElo "2126"]
[BlackElo "2133"]
[Result "0-1"]
[Round "06"]
[TimeControl "180+1"]
[Date "2021.07.27"]
[WhiteClock "0:00:06"]
[BlackClock "0:00:08"]

1. e4 e5 2. f4 Bc5 3. Nf3 d6 4. c3 Nf6 5. fxe5 dxe5 6. Nxe5 Qe7 7. d4 Bd6 8. Bf4 Nbd7 9. Nxd7 Qxe4+ 10. Qe2 Kxd7 11. Bxd6 Kxd6 12. Qxe4 Nxe4 13. Bd3 Ng5 14. Na3 c6 15. Nc4+ Kc7 16. Kd2 f6 17. Rae1 Kd8 18. h4 Nf7 19. Re3 Bd7 20. Rhe1 g6 21. Re7 Rf8 22. h5 f5 23. Rxf7 Rxf7 24. Nd6 Rf6 25. Nxb7+ Kc7 26. Nc5 Re8 27. Rh1 g5 28. h6 Bc8 29. Rh5 Rg8 30. b4 Rgg6 31. g4 Rxh6 32. Rxg5 Rhg6 33. Rh5 Rxg4 34. Rxh7+ Kb8 35. Rh8 Rg2+ 36. Ke3 Kc7 37. Kf4 Rg7 38. a4 Rff7 39. Bc4 Re7 40. Rh4 Rg2 41. Rh6 Rf2+ 42. Kg5 Rc2 43. Kf6 Kd6 44. Kg5+ Kc7 45. Kf6 Re8 46. Rh7+ Kb8 47. Be6 Rxc3 48. Bxc8 Kxc8 49. Rxa7 Kb8 50. Rb7+ Ka8 51. Rb6 Rc4 52. Ra6+ Kb8 53. Rb6+ Kc7 54. Rb7+ Kc8 55. Ra7 Kb8 56. Rb7+ Ka8 57. Rb6 f4 58. Kf7 Rh8 59. Rxc6 Rxd4 60. Rf6 Rxb4 61. Na6 Rxa4 62. Nc7+ Kb7 63. Nd5 Rd4 64. Nxf4 Rd7+ 65. Ke6 Rhd8 66. Kf5 Ka8 67. Ne6 Rc8 68. Kg6 Rb7 69. Nd4 Rb4 70. Nc6 Rg4+ 71. Kf5 Rg1 72. Ke4 Re1+ 73. Kd3 Rd1+ 74. Ke2 Rd5 75. Ne7 Re5+ 76. Kd3 Rxe7 77. Ra6+ Ra7 78. Rh6 Kb8 79. Kd4 Rb7 80. Kd5 Rd7+ 81. Ke6 Rc6+ 82. Kxd7 Rxh6 0-1


[Site "https://www.chess.com"]

[Event "Titled Tuesday Blitz July 27 2021"]
[White "Sadhwani, Raunak"]
[Black "Goltsev, Dmitry"]
[WhiteFideId "35093487"]
[BlackFideId "24176710"]
[WhiteElo "2514"]
[BlackElo "2366"]
[Result "1-0"]
[Round "06"]
[TimeControl "180+1"]
[Date "2021.07.27"]
[WhiteClock "0:00:07"]
[BlackClock "0:00:06"]

1. b3 b6 2. Bb2 Bb7 3. Nc3 Nc6 4. d4 d5 5. e4 dxe4 6. d5 Ne5 7. Bb5+ Nd7 8. Nxe4 a6 9. Bc6 Bxc6 10. dxc6 Nc5 11. Nxc5 Qxd1+ 12. Rxd1 bxc5 13. Nf3 f6 14. Nd2 O-O-O 15. Nc4 Rxd1+ 16. Kxd1 e5 17. Ke2 Ne7 18. Na5 Nf5 19. Rd1 Bd6 20. c3 Re8 21. Ba3 Re6 22. Nb7 Be7 23. Na5 Bd6 24. g4 Ne7 25. Kd3 e4+ 26. Kc4 e3 27. fxe3 Rxe3 28. Bxc5 Bxc5 29. Kxc5 Re5+ 30. Kb4 Nd5+ 31. Ka3 Ne3 32. Rd7 Rxa5+ 33. Kb2 Nxg4 34. Rxg7 Rg5 35. Rxh7 Rg8 36. Rf7 Nxh2 37. Rxf6 Ng4 38. Rf5 Ne3 39. Ra5 Rg2+ 40. Ka3 Kb8 41. Rxa6 Nd5 42. c4 Rxa2+ 43. Kxa2 Nb4+ 44. Ka3 Nxa6 45. b4 Ka7 46. c5 Nb8 47. b5 Ka8 48. Kb4 Ka7 49. Ka5 Ka8 50. Ka4 Ka7 51. Kb4 Ka8 52. Kc4 Ka7 53. Kd5 Ka8 54. Ke6 Ka7 55. Ke7 Ka8 56. Kd8 Ka7 57. Kxc7 Ka8 58. Kb6 Na6 59. Kxa6 Kb8 60. b6 Ka8 61. Kb5 Kb8 62. Kc4 Kc8 63. Kd5 Kb8 64. Kd6 Kc8 65. c7 Kb7 66. Kd7 1-0


[Site "https://www.chess.com"]

[Event "Titled Tuesday Blitz July 27 2021"]
[White "Samadov, Read"]
[Black "Eternauta2400"]
[WhiteFideId "13417444"]
[WhiteElo "2084"]
[BlackElo "2524"]
[Result "1/2-1/2"]
[Round "06"]
[TimeControl "180+1"]
[Date "2021.07.27"]
[WhiteClock "0:00:05"]
[BlackClock "0:00:07"]

1. d4 Nf6 2. c4 g6 3. Nc3 Bg7 4. g3 O-O 5. Bg2 d6 6. e3 e5 7. Nge2 c6 8. O-O Re8 9. b3 a5 10. dxe5 dxe5 11. Ba3 Bg4 12. h3 Qxd1 13. Rfxd1 Bxe2 14. Nxe2 Nbd7 15. Rd2 a4 16. Rdd1 e4 17. Bb2 Nc5 18. b4 Nd3 19. Bc3 a3 20. Nf4 Nb2 21. Rd4 Nh5 22. Nxh5 Bxd4 23. Bxd4 gxh5 24. Rc1 Ra4 25. Rc3 b6 26. Bxb6 Rxb4 27. Bd4 Nxc4 28. Bc5 Rb1+ 29. Kh2 Nd2 30. Bxa3 Nf3+ 31. Bxf3 exf3 32. Rxc6 Ra8 33. Bc5 Rxa2 34. e4 Re1 35. Rf6 Rc2 36. Bb6 Rxe4 37. Rxf3 Kg7 38. h4 Kg6 39. Be3 Rc3 40. Kg2 Re6 41. Rf4 Rexe3 42. fxe3 Rxe3 43. Ra4 Re5 44. Ra6+ f6 45. Ra4 h6 46. Kf3 Kf5 47. Rf4+ Kg6 48. Ra4 Rf5+ 49. Kg2 Rb5 50. Rf4 Rb3 51. Ra4 Rb5 52. Rf4 Rf5 53. Ra4 Rd5 54. Rf4 Re5 55. Ra4 Rf5 56. Ra8 Rb5 57. Rg8+ Kf5 58. Ra8 Rb4 59. Kf3 Rb3+ 60. Kg2 Rb4 61. Kf3 Rc4 62. Ra5+ Kg6 63. Rb5 Ra4 64. Rc5 Ra3+ 65. Kf4 Ra1 66. Rc8 Rf1+ 67. Ke3 Kf5 68. Ke2 Ra1 69. Kf3 Ra3+ 70. Kf2 Kg4 71. Rc4+ Kh3 72. Rc6 Ra2+ 73. Kf3 Ra1 74. Kf2 Ra2+ 75. Kf3 Ra3+ 76. Kf2 Rxg3 77. Rxf6 Rg2+ 78. Kf3 Rg4 79. Rxh6 Kxh4 80. Rh8 Rg3+ 81. Kf2 Rg7 82. Kf1 Rg5 83. Kf2 Kh3 84. Kf1 h4 85. Kf2 Rg4 86. Kf3 Ra4 87. Kf2 Kh2 88. Rh7 h3 89. Kf1 Rf4+ 90. Ke2 Rg4 91. Kf2 Rf4+ 92. Ke2 Kg2 93. Rg7+ Kh1 94. Rh7 h2 95. Ke1 Rf8 96. Rg7 Rf6 97. Ke2 Ra6 98. Kf2 Ra2+ 99. Kf1 Rb2 100. Rg6 Rb1+ 101. Kf2 Rg1 102. Rh6 Rg7 103. Rf6 Rg8 104. Rh6 Rf8+ 105. Ke2 Kg1 106. Rg6+ Kh1 107. Rh6 Rf5 108. Rg6 Re5+ 109. Kf2 Rf5+ 110. Ke2 Ra5 111. Kf2 Ra2+ 112. Kf1 Ra4 113. Kf2 Rf4+ 114. Ke2 Rf8 115. Rg7 Ra8 116. Kf2 Ra1 117. Rg6 Rg1 118. Rh6 Rg2+ 119. Kf1 Rg8 120. Kf2 Rf8+ 121. Ke2 1/2-1/2


[Site "https://www.chess.com"]

[Event "Titled Tuesday Blitz July 27 2021"]
[White "Sanal, Vahap"]
[Black "Obregon, Andres Carlos"]
[WhiteFideId "6300545"]
[BlackFideId "111724"]
[WhiteElo "2495"]
[BlackElo "2572"]
[Result "0-1"]
[Round "06"]
[TimeControl "180+1"]
[Date "2021.07.27"]
[WhiteClock "0:00:06"]
[BlackClock "0:00:13"]

1. Nf3 Nf6 2. g3 g6 3. Bg2 Bg7 4. b3 c5 5. Bb2 d6 6. O-O e5 7. c4 Nc6 8. d3 O-O 9. Nc3 Be6 10. Nd2 Qd7 11. Nd5 Bxd5 12. cxd5 Nb4 13. e4 Nxd3 14. Bc3 Nb4 15. f4 exf4 16. gxf4 Rfe8 17. a3 Na6 18. Qf3 Nc7 19. Nc4 Nxe4 20. Bxg7 Kxg7 21. f5 Nxd5 22. Rad1 Ndc3 23. Rd3 d5 24. Rxc3 dxc4 25. Rxc4 Nd2 26. Qc3+ Kg8 27. Rd1 Rad8 28. fxg6 hxg6 29. Rh4 f6 30. Qxf6 Qg7 31. Qf2 Rf8 32. Qxc5 Qf6 33. Bd5+ Rxd5 34. Qxd5+ Kg7 35. Rg4 Nf3+ 36. Kh1 Ne5 37. Rg2 Rf7 38. Qe4 Re7 39. Rdg1 Re6 40. Qd4 b6 41. Qe4 Kf7 42. Qc2 Kg7 43. b4 Qe7 44. Qb2 Qb7 45. Qd4 Qf3 46. Qf2 Qe4 47. Rf1 Re8 48. Qf6+ Kg8 49. Qf4 Qd5 50. Qg3 Re7 51. Re1 Rf7 52. Kg1 Rf5 53. Qe3 Nf3+ 54. Kh1 Nxe1 55. Qxe1 Kf7 56. Qg1 Qe4 57. h3 Rf3 58. Kh2 Qf4+ 59. Rg3 Rf2+ 60. Kh1 Rf1 61. Qxf1 Qxf1+ 62. Kh2 Qf2+ 63. Rg2 Qf4+ 64. Rg3 g5 65. Kg2 Kg6 66. Rf3 Qd2+ 67. Kg3 Kh5 68. Rf5 Qe1+ 69. Kg2 Qe4+ 70. Rf3 g4 0-1


[Site "https://www.chess.com"]